Map: Triton LE

Players

Ratl

  • Race: Terran Terran
  • League: Silver
  • Spawn Location: 11:00

adeianoelpro - Winner!

  • Race: Protoss Protoss
  • Spawn Location: 5:00

VOD

Have the link to the VOD?

Description

Time

  • Played on: Jan. 12, 2020, 7:37 p.m.
  • Length: 9:42
Show
View Real Time Build Order
Export as new Build Order

Ratl Terran 

Build Orders:  

Get SALT Encoding   

  12  0:03  SCV  
  13  0:16  SCV  
  14  0:28  SCV, Supply Depot  
  15  0:50  SCV  
  15  0:51  Barracks  
  16  1:02  SCV  
  17  1:06  Refinery  
  17  1:14  SCV  
  18  1:20  Supply Depot  
  18  1:26  SCV  
  18  1:31  Refinery  
  19  1:38  SCV  
  20  1:50  SCV  
  21  2:03  SCV  
  21  2:04  Reaper  
  23  2:15  SCV, Barracks  
  24  2:27  SCV  
  25  2:40  Command Center  
  25  2:43  Marine  
  26  2:51  Orbital Command  
  26  3:01  Marine, Barracks  
  26  3:04  Engineering Bay  
  27  3:32  Factory  
  27  3:37  Marine  
  28  3:45  SCV  
  28  3:53  SCV  
  29  3:55  Marine  
  29  3:57  SCV  
  29  4:01  Terran Infantry Weapons Level 1  
  31  4:05  SCV  
  31  4:06  Barracks Reactor, Barracks Tech Lab  
  31  4:09  SCV  
  33  4:17  SCV  
  33  4:21  SCV  
  35  4:31  Supply Depot  
  35  4:32  Supply Depot  
  35  4:33  SCV x2, Supply Depot x2  
  37  4:45  SCV  
  38  4:46  SCV, Hellion  
  41  4:53  Marine x2  
  41  4:54  Supply Depot x2  
  41  4:57  SCV  
  44  5:18  Hellion  
  44  5:20  Infernal Pre-Igniter  
  46  5:24  Reaper x2  
  46  5:27  SCV  
  50  5:30  Orbital Command  
  49  5:39  SCV  
  50  5:43  Starport  
  50  5:44  Starport  
  50  5:51  SCV  
  50  5:57  Hellion  
  53  6:03  SCV  
  54  6:12  Barracks Tech Lab  
  54  6:35  Refinery x2  
  54  6:45  Medivac x2  
  58  6:49  Barracks Reactor  
  58  6:58  Factory  
  55  7:13  Marine x2, Hellion  
  55  7:14  Medivac  
  55  7:15  Medivac  
  50  7:26  Marine x2  
  50  7:31  Marine x2  
  50  7:34  Hellion  
  46  7:58  Marine  
  46  8:27  Supply Depot  
  46  8:28  Supply Depot  
  46  8:30  Supply Depot  
  46  8:49  Marine x4, SCV x2, Hellion  
  46  8:52  Supply Depot x2  
  50  9:01  SCV x2  
  52  9:04  Hellion x2  
  52  9:07  Marine x4  
  52  9:08  Viking x2  
  64  9:11  Hellion  
  64  9:13  SCV x2  
  64  9:25  SCV  
Show
View Real Time Build Order
Export as new Build Order

adeianoelpro Protoss - Winner!

Build Orders:  

Get SALT Encoding   

  12  0:03  Probe  
  13  0:15  Probe (Chrono Boost)  
  14  0:27  Probe (Chrono Boost)  
  15  0:34  Pylon  
  15  0:52  Probe  
  15  0:56  Gateway  
  16  1:15  Probe  
  17  1:19  Assimilator  
  17  1:26  Assimilator  
  17  1:27  Probe (Chrono Boost)  
  18  1:38  Probe (Chrono Boost)  
  19  1:43  Probe (Chrono Boost)  
  20  1:53  Probe  
  21  2:05  Probe  
  22  2:11  Cybernetics Core  
  22  2:15  Gateway  
  22  2:18  Gateway  
  22  2:21  Gateway  
  22  2:26  Pylon  
  22  2:28  Pylon  
  22  2:31  Pylon  
  22  2:49  Probe (Chrono Boost)  
  23  3:05  Probe (Chrono Boost)  
  24  3:10  Probe (Chrono Boost)  
  25  3:13  Warp Gate  
  25  3:18  Zealot (Chrono Boost)  
  33  3:27  Zealot x3 (Chrono Boost)  
  31  3:38  Zealot  
  32  3:45  Probe  
  33  4:24  Nexus  
  33  4:30  Pylon  
  33  4:37  Zealot x2  
  33  4:38  Zealot x2  
  41  4:46  Gateway  
  41  4:52  Gateway  
  41  4:59  Gateway  
  41  5:05  Gateway  
  41  5:15  Probe  
  41  5:20  Zealot x3  
  48  5:23  Stalker  
  50  5:42  Robotics Facility  
  50  6:03  Twilight Council  
  50  6:24  Probe  
  51  6:36  Probe (Chrono Boost)  
  53  6:47  Probe (Chrono Boost)  
  53  6:51  Probe (Chrono Boost)  
  54  7:01  Nexus  
  54  7:02  Probe  
  51  7:14  Probe  
  48  7:15  Charge  
  46  7:43  Warp Prism  
  48  7:58  Probe  
  43  8:03  Zealot  
  43  8:04  Zealot  
  43  8:05  Zealot x2  
  43  8:08  Zealot  
  43  8:09  Zealot x2  
  43  8:10  Probe, Zealot  
  50  8:22  Probe  
  51  8:36  Probe (Chrono Boost)  
  51  8:40  Probe (Chrono Boost)  
  54  8:48  Probe (Chrono Boost)  
  54  8:50  Probe (Chrono Boost)  
  56  8:56  Probe (Chrono Boost)  
  56  8:57  Probe (Chrono Boost)  
  56  9:01  Probe (Chrono Boost), Stalker x3  
  63  9:02  Stalker  
  63  9:04  Zealot x2  
  63  9:05  Zealot x2  
  63  9:06  Probe  
  75  9:13  Probe  
  76  9:18  Probe  
  67  9:31  Stalker  
  67  9:32  Stalker x2  
  67  9:33  Stalker x2  
  67  9:34  Stalker x2  
Tags
 
League
Silver
Matchup
PvT
Spawn Locations
Cross Positions
Add a new tag
Caveats
  • Supply blocks, unpowered buildings, or Contaminate may cause inaccurate times.
  • Supply counts are checked every 10 seconds.